 Dungeon Crawl Stone Soup version 0.23.0 (webtiles) character file.

Game seed: 9607105256003541980

305 Murks the Cutter (level 6, 0/32 HPs)
             Began as a Vine Stalker Fighter on Feb 19, 2019.
             Was a Priest of Uskayaw.
             Succumbed to Duvessa's poison
             ... on level 4 of the Dungeon.
             The game lasted 00:07:20 (3119 turns).

Murks the Cutter (Vine Stalker Fighter)             Turns: 3119, Time: 00:07:21

Health: 0/32       AC:  9    Str: 24    XL:     6   Next: 39%
Magic:  11/11      EV:  7    Int: 10    God:    Uskayaw [***...]
Gold:   153        SH: 10    Dex: 16    Spells: 11/11 levels left

rFire    + . .     SeeInvis .   a - +1 rapier
rCold    . . .     Gourm    .   c - +0 shield
rNeg     . . .     Faith    .   b - +0 scale mail
rPois    .         Spirit   +   r - +0 helmet (curse)
rElec    .         Reflect  .   n - +0 cloak
rCorr    .         Harm     +   (no gloves)
MR       .....                  q - +0 pair of boots
Stlth    ..........             y - amulet of harm
HPRegen  0.50/turn              v - +3 ring of dexterity
MPRegen  0.12/turn              g - ring of protection from fire

@: mighty, lethally poisoned (0 -> -15)
A: fangs 2, regeneration 1, magic shield, antimagic bite, no potion heal 3, rot
immunity
a: Stomp, Line Pass, Renounce Religion


You were on level 4 of the Dungeon.
You worshipped Uskayaw.
Uskayaw was noncommittal.
You were very hungry.

You visited 1 branch of the dungeon, and saw 4 of its levels.

You collected 153 gold pieces.

Inventory:

Hand Weapons
 a - a +1 rapier (weapon)
Missiles
 t - 42 stones (quivered)
Armour
 b - a +0 scale mail (worn)
 c - a +0 shield (worn)
 n - a +0 cloak (worn)
 q - a +0 pair of boots (worn)
 r - a cursed +0 helmet (worn)
 A - a +1 hat
Jewellery
 g - a ring of protection from fire (right hand)
 h - a +2 ring of protection {unknown}
 v - a +3 ring of dexterity (left hand)
 y - an amulet of harm (around neck)
 z - an uncursed amulet of magic regeneration {unknown}
Scrolls
 e - 2 scrolls of enchant armour {unknown}
 j - 2 scrolls of remove curse {unknown}
 l - a scroll of noise {unknown}
 m - a scroll of magic mapping
 s - a scroll of fear {unknown}
 x - 2 scrolls of enchant weapon
Potions
 i - a potion of magic
 o - a potion of berserk rage {unknown}
 p - a potion of curing {unknown}
 u - a potion of brilliance {unknown}
 w - a potion of mutation {unknown}
 B - a potion of ambrosia {unknown}
Comestibles
 f - 9 rations


   Skills:
 - Level 2.6 Fighting
 + Level 4.3 Short Blades
 - Level 2.4 Armour
 - Level 2.6 Shields
 - Level 3.0 Spellcasting
 + Level 2.6 Invocations


You had 11 spell levels left.
You didn't know any spells.
Your spell library was empty.

Dungeon Overview and Level Annotations

Branches:
Dungeon (4/15)
 Temple: D:4-7

Altars:
Cheibriados
Dithmenos
Gozag
Kikubaaqudgha
Qazlal
Ru
Uskayaw
Yredelemnul

Annotations:
D:4 Dowan


Innate Abilities, Weirdness & Mutations

You have extremely sharp teeth.
Your natural rate of healing is unusually fast.
When hurt, damage is shared between your health and your magic reserves.
Your bite disrupts and absorbs the magic of your enemies.
Potions cannot restore your health.
You are immune to rotting.


Message History

Increase (S)trength, (I)ntelligence, or (D)exterity?
You feel clever.
* * * LOW HITPOINT WARNING * * *
You feel sick.
Uskayaw will force your foes to helplessly watch your dance.
Uskayaw prepares the audience for your solo!
Press: ? - help, v - describe, . - travel The floor, spattered with blood.
* * * LOW HITPOINT WARNING * * *
You feel very sick.
Dowan seems to find hidden reserves of power!
Dowan is no longer paralysed.
Dowan mumbles some strange words.
Dowan blinks!
* * * LOW HITPOINT WARNING * * *
You feel sick. Dowan gestures at you while chanting. You block the stone arrow.
It was a potion of magic.
Magic courses through your body.
You die...

#.# #........#..# ##.
##..e.....# ..
#.....#####.## #..
##....# #..# #...
#....# ##.###..# ##...#
#)..e# ##.e. #...##
####..## #..##
##......####@##
#.........##.#####
###########.....#...#
#.....#####.........#
##.............#.....#
##...#####...###..##..#
....## ##..# ##..# ##
....# ##.## #..# ....#
###..# ##.#


You could see Dowan.

Vanquished Creatures
  Duvessa (D:4)
  A bullfrog skeleton (D:4)
  A worker ant (D:4)
  4 gnolls
  4 adders
  An ooze (D:3)
  A worm (D:2)
  2 dart slugs (D:1)
  3 leopard geckos
  9 orcs
  7 bats
  A giant cockroach (D:2)
  10 goblins
  3 hobgoblins (D:3)
  2 quokkas
  A ball python (D:1)
  3 kobolds
  A leopard gecko zombie (D:3)
  A quokka skeleton (D:4)
  2 rats (D:1)
58 creatures vanquished.

Notes
Turn   | Place    | Note
-------+----------+-------------------------------------------
     0 | D:1      | Murks the Vine Stalker Fighter began the quest for the Orb.
     0 | D:1      | Reached XP level 1. HP: 11/11 MP: 2/2
   139 | D:1      | Reached skill level 2 in Short Blades
   315 | D:1      | Reached skill level 1 in Spellcasting
   315 | D:1      | Reached XP level 2. HP: 15/16 MP: 5/5
   691 | D:1      | Reached XP level 3. HP: 19/19 MP: 6/6
   993 | D:2      | Found a stormy altar of Qazlal.
   994 | D:2      | Found an ancient bone altar of Kikubaaqudgha.
   996 | D:2      | Found a basalt altar of Yredelemnul.
  1000 | D:2      | Found a shadowy altar of Dithmenos.
  1000 | D:2      | Found a sacrificial altar of Ru.
  1000 | D:2      | Found a snail-covered altar of Cheibriados.
  1001 | D:2      | Found an opulent altar of Gozag.
  1420 | D:3      | Found a hide-covered altar of Uskayaw.
  1450 | D:3      | Became a worshipper of Uskayaw the Reveler
  1609 | D:3      | Reached * piety under Uskayaw
  1614 | D:3      | Gained mutation: Your natural rate of healing is unusually
                  | fast. [Vine Stalker growth]
  1614 | D:3      | Reached XP level 4. HP: 23/23 MP: 8/8
  1674 | D:3      | Reached skill level 3 in Short Blades
  1941 | D:3      | Reached ** piety under Uskayaw
  2370 | D:4      | Reached *** piety under Uskayaw
  2386 | D:4      | Reached XP level 5. HP: 26/27 MP: 10/10
  2661 | D:4      | Reached skill level 1 in Invocations
  2982 | D:4      | Noticed Duvessa
  2982 | D:4      | Noticed Dowan
  3116 | D:4      | Killed Duvessa
  3116 | D:4      | Reached skill level 4 in Short Blades
  3116 | D:4      | Reached XP level 6. HP: 6/32 MP: 8/11
  3118 | D:4      | HP: 1/32 [poisoned by Duvessa]
  3119 | D:4      | Succumbed to Duvessa's poison

Skill      XL: |  1  2  3  4  5 |
---------------+----------------+-----
Short Blades   | 2 3 4 |  4.3
Spellcasting   | 1 2 3 |  3.0
Invocations    | 2 |  2.6
Fighting       | |  2.6
Armour         | |  2.4
Shields        | |  2.6

Action                   |  1- 3 |  4- 6 || total
-------------------------+-------+-------++-------
Melee: Rapier            |    88 |   102 ||   190
       Bite              |    12 |    32 ||    44
Throw: Stone             |       |    17 ||    17
  Use: Scroll            |     1 |     4 ||     5
       Potion            |       |     2 ||     2
 Stab: Paralysed         |       |     1 ||     1
  Eat: Chunk             |     2 |     4 ||     6
Armor: Scale mail        |    36 |    51 ||    87
Dodge: Dodged            |    20 |    36 ||    56
Block: Shield            |    33 |    59 ||    92
